 Dungeon Crawl Stone Soup version 0.19-a0-1050-g8e71ee3 (webtiles) character file.

1855 Kaname the Carver (level 8, 0/51 HPs)
             Began as a High Elf Wanderer on Aug 1, 2016.
             Was an Initiate of Vehumet.
             Slain by a centaur (4 damage)
             ... on level 7 of the Dungeon.
             The game lasted 00:27:05 (7438 turns).

Kaname the Carver (High Elf Wanderer)               Turns: 7438, Time: 00:27:06

Health: 0/51       AC:  7    Str: 14    XL:     8   Next: 89%
Magic:  20/20      EV: 11    Int: 20    God:    Vehumet [......]
Gold:   368        SH:  0    Dex: 13    Spells: 0 memorised, 21 levels left

rFire  . . .     SeeInvis .     p - +2 spear (venom)
rCold  . . .     Gourm    .     s - +2 leather armour
rNeg   + . .     Faith    .     (no shield)
rPois  .         Spirit   .     e - +1 helmet {Int+3}
rElec  .         Dismiss  .     (no cloak)
rCorr  .         Reflect  .     (no gloves)
SustAt .         Harm     +     (no boots)
MR     .....                    a - amulet of harm
Stlth  +++.......               (no ring)
                                q - ring of positive energy

@: not resistant to hostile enchantments, fairly stealthy
A: no striking features
a: Renounce Religion


You were on level 7 of the Dungeon.
You worshipped Vehumet.
Vehumet was noncommittal.
You were not hungry.

You visited 2 branches of the dungeon, and saw 8 of its levels.
You also visited: Sewer.

You collected 368 gold pieces.

Inventory:

Hand Weapons
 p - a +2 spear of venom (weapon)
 y - a +0 long sword
Missiles
 C - 2 exploding tomahawks (quivered)
Armour
 e - a +1 helmet of intelligence (worn)
 f - a troll hide {Purgy}
 o - a +1 robe of the Archmagi
 s - a +2 leather armour (worn)
Jewellery
 a - an amulet of harm (around neck)
 q - a ring of positive energy (left hand)
 E - an uncursed ring of fire
Wands
 c - a wand of iceblast (6/15)
 G - a wand of random effects (1/48)
Scrolls
 r - 6 scrolls of remove curse
 t - a scroll of recharging {unknown}
 u - 2 scrolls of enchant weapon
 x - a scroll of teleportation {unknown}
 z - a scroll of fear {unknown}
Potions
 b - a potion of ambrosia {unknown}
 g - 4 potions of flight {unknown}
 h - a potion of heal wounds
 k - a potion of lignification {unknown}
 l - 4 potions of mutation
 m - a potion of berserk rage {unknown}
 n - 2 potions of might {unknown}
 w - a potion of magic {unknown}
 B - a potion of haste {unknown}
Comestibles
 d - 4 bread rations
 i - 4 meat rations
 v - a royal jelly


   Skills:
 + Level 2.4 Fighting
 - Level 10.0 Long Blades
   Level 1.5 Maces & Flails
 - Level 1.1 Dodging
 - Level 5.0 Stealth
   Level 1.7 Shields
 + Level 7.3 Spellcasting


You had 21 spell levels left.
You didn't know any spells.

Dungeon Overview and Level Annotations

Branches:
Dungeon (7/15)             Temple (1/1) D:6

Altars:
Ashenzari
Cheibriados
Dithmenos
Elyvilon
Fedhas
Gozag
Kikubaaqudgha
Nemelex Xobeh
Okawaru
Pakellas
Sif Muna
Trog
Uskayaw
Vehumet
Zin
The Shining One


Message History

The centaur is moderately wounded.
The centaur hits you.
* * * LOW HITPOINT WARNING * * *
The centaur completely misses you.
You hit the centaur but do no damage.
The centaur looks as sick as possible!
The centaur is moderately wounded.
The centaur hits you but does no damage. x2
You hit the centaur but do no damage.
The centaur looks as sick as possible!
The centaur is heavily wounded.
The centaur hits you but does no damage.
You hit the centaur.
The centaur looks as sick as possible!
The centaur is severely wounded.
The centaur hits you but does no damage.
The centaur hits you!
* * * LOW HITPOINT WARNING * * *
You closely miss the centaur.
The centaur is almost dead.
The centaur hits you but does no damage.
The centaur hits you.
You die...

#...$.# #......# ##.##.# #
.##.###.####......####...#.# #
/..................!#......# #
###.....####......#........######
#..#### #...............o.o...
###..# #..#.............#####
..Z..##### #..............#.#
.###.....# ##.#..c..##..>##.# .
#####)# #.#.@.........).# .
######.####.###.#.#########
.#............# .#.#
##.####...##### .#. #.#.(#....
.#. #.#.(#._.## .#. ..#..#....
... ..####.... #..# ..........#
#(.#


You could see a centaur.

Vanquished Creatures
  Sigmund (D:2)
  A black bear (D:7)
  An orc warrior (D:7)
  2 ice beasts (D:7)
  A phantom (D:4)
  Purgy (Sewer)
  A crocodile (D:6)
  2 centaurs (D:5)
  A giant frog (D:7)
  Dowan (D:6)
  2 scorpions (D:6)
  A crimson imp (D:6)
  A howler monkey (D:6)
  A jelly (D:3)
  2 orc priests
  A centaur skeleton (D:6)
  A giant frog skeleton (D:6)
  2 hounds (D:5)
  3 orc wizards (D:7)
  2 iguanas
  4 worker ants
  A hound skeleton (D:6)
  7 adders
  2 shadow imps (D:5)
  2 oozes
  An adder zombie (D:6)
  A worm (D:4)
  A dart slug (D:5)
  6 giant geckos
  19 orcs
  2 giant cockroaches
  3 goblins (D:1)
  5 hobgoblins
  6 jackals
  9 kobolds
  A quokka (D:2)
  2 ball pythons (Sewer)
  A ball python skeleton (D:5)
  2 bats
  A giant gecko skeleton (D:6)
  7 giant newts
  3 rats
114 creatures vanquished.

Notes
Turn   | Place    | Note
-------+----------+-------------------------------------------
     0 | D:1      | Kaname the High Elf Wanderer began the quest for the Orb.
     0 | D:1      | Kaname set off with: a +2 leather armour, a +0 short sword, a +0 falchion, a bread ration
     0 | D:1      | Reached XP level 1. HP: 14/14 MP: 2/2
   121 | D:1      | Reached skill level 3 in Long Blades
   121 | D:1      | Reached XP level 2. HP: 16/19 MP: 3/3
   884 | D:2      | Reached XP level 3. HP: 16/24 MP: 4/4
  1117 | D:2      | Noticed Sigmund
  1160 | D:2      | Killed Sigmund
  1160 | D:2      | Reached skill level 5 in Long Blades
  1160 | D:2      | Reached XP level 4. HP: 27/29 MP: 5/5
  1160 | D:2      | Reached XP level 5. HP: 32/34 MP: 6/6
  1698 | D:3      | Reached skill level 5 in Stealth
  1944 | D:3      | Reached XP level 6. HP: 32/39 MP: 7/7
  2175 | D:4      | Reached skill level 1 in Spellcasting
  2476 | D:4      | Found a bloodstained altar of Trog.
  2604 | D:4      | Reached skill level 6 in Long Blades
  3133 | D:5      | Entered Level 5 of the Dungeon
  3259 | D:5      | Reached XP level 7. HP: 40/45 MP: 12/12
  3528 | D:5      | Reached skill level 7 in Long Blades
  3905 | D:5      | Found a snail-covered altar of Cheibriados.
  3905 | D:5      | Found a glowing golden altar of the Shining One.
  4257 | D:6      | Found a glowing drain.
  4296 | Sewer    | Entered a sewer
  4335 | Sewer    | Noticed Purgy
  4343 | Sewer    | Killed Purgy
  4343 | Sewer    | Reached skill level 8 in Long Blades
  4553 | D:6      | Found a staircase to the Ecumenical Temple.
  4564 | Temple   | Entered the Ecumenical Temple
  4844 | D:6      | Found an ancient bone altar of Kikubaaqudgha.
  4923 | D:6      | Reached skill level 5 in Spellcasting
  4934 | D:6      | Noticed Duvessa
  4939 | D:6      | Noticed Dowan
  5091 | D:6      | Reached XP level 8. HP: 50/50 MP: 16/16
  5546 | D:6      | Noticed Duvessa
  5546 | D:6      | Duvessa changed into Duvessa the crocodile
  5557 | D:6      | Killed Duvessa the crocodile
  6018 | D:6      | Killed Dowan
  6329 | D:7      | Reached skill level 9 in Long Blades
  6436 | D:7      | Found a radiant altar of Vehumet.
  6444 | D:7      | Became a worshipper of Vehumet
  6735 | D:7      | Found a shadowy altar of Dithmenos.
  7280 | D:7      | Reached skill level 10 in Long Blades
  7315 | D:7      | Found a hide-covered altar of Uskayaw.
  7316 | D:7      | Noticed a hand axe
  7317 | D:7      | Noticed a hand axe
  7438 | D:7      | Slain by a centaur

Vault maps used:
D:1:      dpeg_arrival_long_road
D:2:      uniq_sigmund
D:3:      first_bread
D:4:      lemuel_round_altar, st_stairs_9, fountainhead
D:5:      gammafunk_temple_overflow_elements
D:6:      kennysheep_mini_moat, portal_sewer_entry_f, uniq_duvessa
D:7:      kennysheep_housing_project, dancing_weapons_uskayaw,
          overflow_temple_1_default, vehumet_crystals, grunt_ogre_cave,
          hangedman_abyss_or_decor_slice
Temple:   nicolae_temple_figure_zero
Sewer:    sewer_co_purgy_island

Skill      XL: |  1  2  3  4  5  6  7  8 |
---------------+-------------------------+-----
Long Blades    | 3 5 6 8 10 | 10.0
Stealth        | 2 4 5 |  5.0
Spellcasting   | 3 5 7 |  7.3
Fighting       | |  2.4
Maces & Flails | |  1.5
Dodging        | |  1.1
Shields        | |  1.7

Action                   |  1- 3 |  4- 6 |  7- 9 || total
-------------------------+-------+-------+-------++-------
Melee: Falchion          |    46 |       |       ||    46
       Spear             |    23 |   121 |   259 ||   403
Evoke: Wand              |       |       |    11 ||    11
  Use: Scroll            |     3 |     2 |     6 ||    11
       Potion            |     1 |       |     3 ||     4
 Stab: Sleeping          |     3 |    10 |     9 ||    22
  Eat: Chunk             |     4 |     7 |     5 ||    16
       Fruit             |       |       |     6 ||     6
       Pizza             |       |       |     1 ||     1
       Bread ration      |       |       |     1 ||     1
Armor: Leather armour    |    24 |    36 |    82 ||   142
Dodge: Dodged            |    33 |    32 |   102 ||   167
